 Dungeon Crawl Stone Soup version 0.29.1-15-g9cfb28693d (webtiles) character file.

Game seed: 16420992874474230203

795 AppTheSpectato the Shooter (level 7, 0/64 HPs)
             Began as a Minotaur Hunter on Mar 13, 2023.
             Slain by Grinder (3 damage)
             ... on level 4 of the Dungeon on Oct 30, 2023.
             The game lasted 00:16:34 (3381 turns).

AppTheSpectato the Shooter (Minotaur Hunter)        Turns: 3381, Time: 00:16:34

Health: 0/64       AC:  6    Str: 16    XL:     7   Next: 58%
Magic:  6/6        EV: 12    Int:  6    God:
Gold:   218        SH:  0    Dex: 15    Spells: 6/6 levels left

rFire   . . .      SeeInvis .   a - +0 shortbow
rCold   . . .      Faith    .   (shield currently unavailable)
rNeg    . . .      Spirit   .   u - +0 troll leather armour {Pargi}
rPois   .          Reflect  .   (helmet restricted)
rElec   .          Harm     .   (no cloak)
rCorr   .          Rampage  .   o - +0 pair of gloves
Will    .....                   m - +0 pair of boots
Stlth   ++........              g - amulet of magic regeneration
HPRegen 1.00/turn               k - ring of flight
MPRegen 0.50/turn               (no ring)

@: flying
A: horns 2, retaliatory headbutt
a: no special abilities


You were on level 4 of the Dungeon.
You visited 2 branches of the dungeon, and saw 5 of its levels.

You collected 218 gold pieces.

Inventory:

Hand Weapons
 a - a +0 shortbow (weapon)
 q - a +3 dagger
Armour
 m - a +0 pair of boots (worn)
 o - a +0 pair of gloves (worn)
 u - a +0 troll leather armour (worn) {Pargi}
Jewellery
 g - an amulet of magic regeneration (around neck)
 k - a ring of flight (left hand)
Wands
 s - a wand of digging (5)
Scrolls
 b - a scroll of immolation
 c - 2 scrolls of fog {unknown}
 e - 2 scrolls of identify
 j - a scroll of enchant armour {unknown}
 p - a scroll of poison {unknown}
 r - a scroll of enchant weapon {unknown}
 v - a scroll of summoning {unknown}
Potions
 d - a potion of haste
 f - 2 potions of curing
 h - 3 potions of heal wounds
 i - a potion of cancellation
 l - a potion of attraction
 n - a potion of invisibility
 t - a potion of brilliance {unknown}


   Skills:
 + Level 6.9 Fighting
 + Level 7.5 Ranged Weapons
 + Level 2.4 Armour
 - Level 3.0 Dodging
 - Level 1.7 Stealth


You had 6 spell levels left.
You didn't know any spells.
Your spell library contained the following spells:

 Spells                   Type           Power      Damage    Failure   Level
 Conjure Flame            Conj/Fire      0%         6-21      87%         3
 Ignite Poison            Fire/Tmut/Pois 0%         N/A       87%         3
 Sticky Flame             Conj/Fire      0%         2d3       99%         4


Dungeon Overview and Level Annotations

Branches:
Dungeon (4/15)             Temple (1/1) D:4

Altars:
Ashenzari
Dithmenos
Elyvilon
Fedhas
Gozag
Hepliaklqana
Kikubaaqudgha
Nemelex Xobeh
Okawaru
Qazlal
Sif Muna
Trog
Uskayaw
Vehumet
Wu Jian
Xom
Yredelemnul
Zin
The Shining One

Shops:
D:1 =   D:2 !   D:3 *

Annotations:
D:4 Grinder


Innate Abilities, Weirdness & Mutations

You have a pair of horns on your head.
You reflexively headbutt those who attack you in melee.


Message History

Grinder hits you!
You writhe in agony.
The black bear growls angrily.
Grinder blinks!
Grinder gestures at you. You resist with significant effort.
You can move again.
Unknown command.
Unknown command.
Unknown command.
Unknown command.
Grinder gestures at you. Pain shoots through your body! Grinder hits you.
An orc comes into view. It is wielding a +0 flail.
Grinder hits you.
You writhe in agony.
Grinder closely misses you. You furiously retaliate!
You headbutt Grinder, but do no damage. Grinder hits you!
You writhe in agony.
An orc comes into view. It is wielding a +0 trident.
Grinder hits you!
You writhe in agony.
Grinder closely misses you.
An orc comes into view. It is wielding a +0 short sword.
Grinder closely misses you.
The orc shouts!
Grinder misses you. You furiously retaliate!
You headbutt Grinder. Grinder hits you.
You writhe in agony.
Grinder hits you.
* * * LOW HITPOINT WARNING * * *
The orc shouts!
You hear a shout!
Grinder hits you.
* * * LOW HITPOINT WARNING * * *
You writhe in agony.
* * * LOW HITPOINT WARNING * * *
Grinder gestures at you. You resist with significant effort. Grinder hits you!
* * * LOW HITPOINT WARNING * * *
Grinder closely misses you. Grinder hits you.
You die...

...#..#...... ...#
...........###.#.# ..#
................. ...#
..............#.# ...#
..).........###.# ..#.#
..........###...##.... #
<.......#....(...#......
....).....##..>..##.o...
...........#....@5ho#.#
..(........##...###...#
..#.........#.###g..#.#
............#.#.....#
...................#
.............#..<..#
..###.....##........#
..# #########...###...K.
... #### ##..


You could see Grinder, a black bear and 2 orcs.

Vanquished Creatures
  Sigmund (D:3)
  Pargi (D:3)
  A necrophage (D:3)
  A howler monkey (D:4)
  3 orc priests
  A gnoll bouda (D:4)
  An iguana (D:4)
  4 orc wizards
  4 gnolls (D:4)
  8 adders
  An ufetubus (D:3)
  A worm (D:2)
  A dart slug (D:1)
  8 orcs (D:3)
  4 endoplasms
  4 giant cockroaches
  4 goblins
  9 hobgoblins
  10 jackals
  6 kobolds
  5 quokkas
  4 ball pythons
  5 bats
  2 frilled lizards
  3 rats
92 creatures vanquished.

Notes
Turn   | Place    | Note
-------+----------+-------------------------------------------
     0 | D:1      | AppTheSpectato the Minotaur Hunter began the quest for the
                  | Orb.
     0 | D:1      | Reached XP level 1. HP: 18/18 MP: 0/0
    51 | D:1      | Found Weqag's Jewellery Shop.
    65 | D:1      | Reached skill level 1 in Stealth
   116 | D:1      | Reached XP level 2. HP: 25/25 MP: 1/1
   721 | D:2      | Reached XP level 3. HP: 26/31 MP: 2/2
  1096 | D:2      | Found Ydwiob's Distillery.
  1373 | D:2      | Reached XP level 4. HP: 30/38 MP: 3/3
  1664 | D:3      | Reached skill level 5 in Ranged Weapons
  1699 | D:3      | Found a faded altar of an unknown god.
  1739 | D:3      | Noticed a necrophage
  1934 | D:3      | Reached XP level 5. HP: 20/46 MP: 4/4
  2152 | D:3      | Reached skill level 6 in Ranged Weapons
  2166 | D:3      | Noticed Sigmund
  2201 | D:3      | Reached skill level 5 in Fighting
  2369 | D:3      | Reached XP level 6. HP: 56/56 MP: 5/5
  2393 | D:3      | Killed Sigmund
  2483 | D:3      | Found Jiolaew's Assorted Antiques.
  2680 | D:3      | Noticed Pargi
  2692 | D:3      | Killed Pargi
  2693 | D:3      | Reached skill level 7 in Ranged Weapons
  2693 | D:3      | Reached XP level 7. HP: 42/63 MP: 6/6
  2824 | D:4      | Found a staircase to the Ecumenical Temple.
  2998 | D:4      | Reached skill level 1 in Armour
  3216 | D:4      | Noticed Grinder
  3220 | Temple   | Entered the Ecumenical Temple
  3353 | D:4      | Paralysed by Grinder for 4 turns
  3359 | D:4      | Paralysed by Grinder for 5 turns
  3379 | D:4      | HP: 1/64 [Grinder (8)]
  3381 | D:4      | Slain by Grinder

Illustrated notes

Levels and vault maps discovered:
D:1:      nicolae_arrival_somewhat_less_tricky_arrival, layout_rooms,
          serial_shops, shop, minmay_3d_cube
D:2:      layout_basic, serial_shops, shop
D:3:      layout_rooms, hellmonk_ecumenical_altar_zigzags, serial_shops,
          nicolae_shop_statue_plus, minmay_diced_spiral, uniq_sigmund,
          uniq_pargi
D:4:      layout_rooms, nicolae_ru_great_annihilating_truth,
          minmay_temple_entry_slanted, uniq_grinder
Temple:   hellmonk_temple_of_storms

Skill      XL: |  1  2  3  4  5  6  7 |
---------------+----------------------+-----
Stealth        | 1 |  1.7
Fighting       | 3 4 5 6 |  6.9
Dodging        | 3 |  3.0
Ranged Weapons | 5 6 7 |  7.5
Armour         | 2 |  2.4

Action                   |  1- 3 |  4- 6 |  7- 9 || total
-------------------------+-------+-------+-------++-------
Melee: Dagger            |       |       |     5 ||     5
       Headbutt          |       |       |     1 ||     1
 Fire: Shortbow          |    85 |   124 |    70 ||   279
  Use: Scroll            |     5 |     2 |       ||     7
Armor: Leather armour    |     5 |     9 |       ||    14
       Troll leather arm |       |       |    16 ||    16
Dodge: Dodged            |    25 |    29 |    27 ||    81
